 Dungeon Crawl Stone Soup version 0.28.0 (webtiles) character file.

Game seed: 10637302825935501403

235 pkoi the Ruffian (level 5, -19/50 HPs)
             Began as a Troll Monk on Feb 4, 2022.
             Was a Believer of Makhleb.
             Demolished by an ogre (24 damage)
             ... on level 4 of the Dungeon.
             The game lasted 00:02:20 (3038 turns).

pkoi the Ruffian (Troll Monk)                       Turns: 3038, Time: 00:02:21

Health: -19/50     AC:  4    Str: 21    XL:     5   Next: 76%
Magic:  5/5        EV: 10    Int:  6    God:    Makhleb [**....]
Gold:   150        SH:  0    Dex: 12    Spells: 4/4 levels left

rFire   . . .      SeeInvis .     - Unarmed
rCold   . . .      Faith    .   (no shield)
rNeg    . . .      Spirit   .   a - +0 robe
rPois   .          Reflect  .   (helmet restricted)
rElec   .          Harm     .   (no cloak)
rCorr   .          Rampage  .   (gloves unavailable)
Will    .....                   (boots unavailable)
Stlth   ++........              (no amulet)
HPRegen 0.96/turn               d - ring of wizardry
MPRegen 0.09/turn               (no ring)

@: no status effects
A: large, unfitting armour, claws 3, regeneration 1, shaggy fur 1, tough skin 1
a: Renounce Religion, Minor Destruction


You were on level 4 of the Dungeon.
You worshipped Makhleb.
Makhleb was pleased with you.
You visited 2 branches of the dungeon, and saw 5 of its levels.

You collected 150 gold pieces.

Inventory:

Armour
 a - a +0 robe (worn)
Jewellery
 d - a ring of wizardry (left claw)
Scrolls
 c - a scroll of fog {unknown}
 e - 2 scrolls of identify
 j - 2 scrolls of magic mapping {unknown}
Potions
 b - a potion of mutation {unknown}
 f - a potion of resistance
 g - a potion of brilliance
 h - a potion of heal wounds {unknown}
 i - 2 potions of haste {unknown}


   Skills:
 - Level 2.4 Fighting
 - Level 2.4 Dodging
 - Level 1.0 Stealth
 + Level 5.8 Unarmed Combat
 + Level 2.4 Invocations


You had 4 spell levels left.
You didn't know any spells.
Your spell library was empty.

Dungeon Overview and Level Annotations

Branches:
Dungeon (4/15)             Temple (1/1) D:4

Altars:
Ashenzari
Cheibriados
Dithmenos
Elyvilon
Gozag
Hepliaklqana
Makhleb
Okawaru
Qazlal
Ru
Uskayaw
Vehumet
Wu Jian
Yredelemnul
Zin
The Shining One

Shops:
D:3 ?=

Annotations:
D:4 Grinder


Innate Abilities, Weirdness & Mutations

You are too large for most types of armour.
You have claws for hands.
Your natural rate of healing is unusually fast.
You are covered in fur. (AC +1)
You have tough skin. (AC +1)


Message History

Found an ornate altar of the Wu Jian Council.
There is an ornate altar of the Wu Jian Council here.
Done exploring.
Done exploring.
Done exploring.
Done exploring.
Done exploring.
(D) Dungeon (T) Temple
Where to? (Enter - D:4, ? - help)
There is a staircase back to the Dungeon here.
You climb upwards.
Welcome back to the Dungeon!
Level annotation: Grinder
There is a staircase to the Ecumenical Temple here.
There is a fountain of clear blue water here.
You now have 150 gold pieces (gained 17).
There is a stone staircase leading down here.
There is an escape hatch in the ceiling here.
There is an escape hatch in the ceiling here.
There is a stone staircase leading down here.
Key pressed, stopping explore.
An ogre comes into view. It is wielding a +0 giant spiked club.
Found a scroll of identify.
The ogre shouts!
An ogre is nearby!
An ogre is nearby!
An ogre is nearby!
An ogre is nearby!
The ogre hits you with a +0 giant spiked club!!
Ouch! That really hurt!
* * * LOW HITPOINT WARNING * * *
You see here a scroll of identify.
You barely miss the ogre.
The ogre hits you with a +0 giant spiked club!
* * * LOW HITPOINT WARNING * * *
You mangle the ogre!!
The ogre is severely wounded.
You scratch the ogre.
The ogre is severely wounded.
The ogre hits you with a +0 giant spiked club!!
You die...

#.#########
###.# # #.###
#.# #.#
######.#
#......#
#.####.# #@#
#.# #O#
##.#########
#.#
#..........###
#.#
##.#######....
#.# ### #####
#.. ###


You could see an ogre.

Vanquished Creatures
  A necrophage (D:4)
  A scorpion (D:4)
  A hound skeleton (D:4)
  2 adders
  5 worms
  2 dart slugs
  6 bats
  6 endoplasms
  2 giant cockroaches
  2 goblins (D:1)
  5 hobgoblins
  2 jackals (D:3)
  2 kobolds
  2 quokkas
  3 ball pythons
  A frilled lizard (D:1)
  6 rats
  A spectral orc (D:4)
50 creatures vanquished.

Notes
Turn   | Place    | Note
-------+----------+-------------------------------------------
     0 | D:1      | pkoi the Troll Monk began the quest for the Orb.
     0 | D:1      | Reached XP level 1. HP: 22/22 MP: 0/0
   271 | D:1      | Reached XP level 2. HP: 29/29 MP: 1/1
   452 | D:1      | Found a faded altar of an unknown god.
   778 | D:2      | Reached skill level 4 in Unarmed Combat
   841 | D:2      | Reached XP level 3. HP: 29/36 MP: 2/2
  1591 | D:3      | Found Zaleggor's Jewellery Shoppe.
  1805 | D:3      | Reached XP level 4. HP: 38/44 MP: 3/3
  1832 | D:3      | Reached skill level 5 in Unarmed Combat
  1864 | D:3      | Found Othel's Magic Scroll Boutique.
  2143 | D:3      | Found a burning altar of Makhleb.
  2264 | D:4      | Noticed Grinder
  2295 | D:3      | Became a worshipper of Makhleb the Destroyer
  2295 | D:3      | Reached * piety under Makhleb
  2295 | D:3      | Reached ** piety under Makhleb
  2333 | D:4      | Noticed a scorpion
  2342 | D:4      | Killed a scorpion
  2343 | D:4      | Reached skill level 1 in Invocations
  2343 | D:4      | Reached XP level 5. HP: 50/50 MP: 3/5
  2389 | D:4      | Found a stormy altar of Qazlal.
  2422 | D:4      | Found a basalt altar of Yredelemnul.
  2629 | D:4      | Noticed a necrophage
  2639 | D:4      | Killed a necrophage
  2814 | D:4      | Found a staircase to the Ecumenical Temple.
  2823 | Temple   | Entered the Ecumenical Temple
  3033 | D:4      | Noticed an ogre
  3038 | D:4      | Demolished by an ogre

Illustrated notes

Levels and vault maps discovered:
D:1:      dpeg_arrival_round_c, layout_basic,
          hellmonk_ecumenical_altar_arch_garden, serial_curves, eino_curves_01,
          eino_curves_01
D:2:      layout_basic, nicolae_figureground_pulse
D:3:      layout_basic, lightli_temple_of_fire, serial_shops,
          nicolae_shop_waterfront, shop
D:4:      layout_loops_ring, yredelemnul_forgotten_temple_becter,
          mainiacjoe_overflow_six_doors_small,
          minmay_temple_entry_drinking_statues, kennysheep_generic_room_5,
          uniq_grinder
Temple:   cyrus_circular_temple

Skill      XL: |  1  2  3  4  5 |
---------------+----------------+-----
Unarmed Combat | 4 5 |  5.8
Invocations    | 1 2 |  2.4
Fighting       | |  2.4
Dodging        | |  2.4
Stealth        | |  1.0

Action                   |  1- 3 |  4- 6 || total
-------------------------+-------+-------++-------
Melee: Unarmed           |    92 |    32 ||   124
       Punch             |     2 |     3 ||     5
  Use: Potion            |     3 |       ||     3
       Scroll            |     3 |       ||     3
 Stab: Sleeping          |     4 |     1 ||     5
       Distracted        |     1 |       ||     1
       Invisible         |     1 |       ||     1
Armor: Robe              |    23 |     3 ||    26
Dodge: Dodged            |    46 |     9 ||    55
